 Dungeon Crawl Stone Soup version 0.28.0-47-ge53b351184 (webtiles) character file.

Game seed: 8868894063517425130

5 nickcage the Chiller (level 1, 0/10 HPs)
             Began as a Deep Elf Ice Elementalist on May 2, 2022.
             Slain by a goblin
             ... wielding a +0 club
              (2 damage)
             ... on level 1 of the Dungeon.
             The game lasted 00:01:46 (58 turns).

nickcage the Chiller (Deep Elf Ice Elementalist)      Turns: 58, Time: 00:01:46

Health: 0/10       AC:  2    Str:  5    XL:     1   Next: 66%
Magic:  0/6        EV: 12    Int: 19    God:
Gold:   0          SH:  0    Dex: 15    Spells: 5/6 levels left

rFire   . . .      SeeInvis .   b - +0 dagger
rCold   . . .      Faith    .   (no shield)
rNeg    . . .      Spirit   .   a - +0 robe
rPois   .          Reflect  .   (no helmet)
rElec   .          Harm     .   (no cloak)
rCorr   .          Rampage  .   (no gloves)
Will    .....                   (no boots)
Stlth   ++........              (no amulet)
HPRegen 0.03/turn               (no ring)
MPRegen 0.10/turn               (no ring)

@: no status effects
A: no striking features
a: no special abilities


You were on level 1 of the Dungeon.
You visited 1 branch of the dungeon, and saw 1 of its levels.

Inventory:

Hand Weapons
 b - a +0 dagger (weapon)
Armour
 a - a +0 robe (worn)


   Skills:
 - Level 2.4 Dodging
 - Level 2.4 Stealth
 + Level 3.1 Spellcasting
 + Level 4.7 Ice Magic


You had 5 spell levels left.
You knew the following spells:

 Your Spells              Type           Power      Damage    Failure   Level
a - Freeze                Ice            80%        1d9       2%          1

Your spell library contained the following spells:

 Spells                   Type           Power      Damage    Failure   Level
 Frozen Ramparts          Ice            40%        1d6       7%          3
 Ozocubu's Armour         Ice            20%        N/A       7%          3
 Hailstorm                Conj/Ice       11%        3d5       50%         4


Dungeon Overview and Level Annotations

Branches:
Dungeon (1/15)

Altars:

Shops:
D:1 !


Message History

The quokka bites you. The quokka misses you.
You freeze the quokka!
You kill the quokka!
A jackal comes into view.
You can't see any susceptible monsters within range! (Use Z to cast anyway.)
You freeze the hobgoblin.
You kill the hobgoblin!
The jackal barks!
You hear a bark!
You hear a shout!
You hear an angry hiss. x2
A jackal comes into view.
There are monsters nearby!
There are monsters nearby!
A jackal comes into view.
A jackal comes into view.
You freeze the jackal!
You kill the jackal!
The jackal barks! x2
A rat comes into view.
A goblin comes into view. It is wielding a +0 club.
You see here a quokka corpse.
A goblin comes into view. It is wielding a +0 club.
The goblin shouts!
The goblin hits you but does no damage. The goblin barely misses you.
You freeze the jackal!
You kill the jackal!
You freeze the goblin.
The goblin is moderately wounded.
The goblin hits you with a +0 club.
* * * LOW HITPOINT WARNING * * *
You are too injured to fight recklessly!
Aiming: Freeze (safe; 2% risk of failure)
Press: ? - help, Q - select action Shift-Dir - straight line, f/p - goblin
Aim: a goblin, wielding a +0 club (moderately wounded)
You freeze the goblin.
The goblin is heavily wounded.
The goblin hits you but does no damage.
You closely miss the goblin.
The goblin is heavily wounded.
The goblin hits you with a +0 club.
You die...

###.. # ...# .# ##..##
... .... ##....
#.####........
##...h..#..... ##.
#####...Sh# #..... #..#
#....S.##g# #.....
....###.#...###@# #.##.#
S.........#####.# #.##.#
......##h## #..###.##.#
......##.# #8..##.##.#
.......S.# #.#..#.#<>#
........######∩##......#
.............#.##.#..###
.....#g#####..>.#.#..#
....... ###....#..#


You could see 2 jackals, a goblin and a ball python.

Vanquished Creatures
  A hobgoblin (D:1)
  2 jackals (D:1)
  A quokka (D:1)
4 creatures vanquished.

Notes
Turn   | Place    | Note
-------+----------+-------------------------------------------
     0 | D:1      | nickcage the Deep Elf Ice Elementalist began the quest for
                  | the Orb.
     0 | D:1      | Reached XP level 1. HP: 10/10 MP: 6/6
    12 | D:1      | Found Foykk's Distillery.
    58 | D:1      | Slain by a goblin

Illustrated notes

Levels and vault maps discovered:
D:1:      dpeg_arrival_tiny_a, layout_rooms, serial_shops,
          nicolae_shop_bloodbath_and_beyond, shop, nicolae_shop_behind_doors,
          shop_statue, shop

Action                   || total
-------------------------++-------
Melee: Dagger            ||     2
 Cast: Freeze            ||     8
Armor: Robe              ||     3
Dodge: Dodged            ||     4
